 Dungeon Crawl Stone Soup version 0.22-a0-810-g93d1441 (webtiles) character file.

2017 zishaf the Nimble (level 9, -1/38 (39) HPs)
             Began as a Spriggan Enchanter on July 22, 2018.
             Was an Initiate of Nemelex Xobeh.
             Succumbed to poison (dark miasma)
             ... on level 8 of the Dungeon.
             The game lasted 00:20:00 (8343 turns).

zishaf the Nimble (Spriggan Enchanter)              Turns: 8343, Time: 00:20:00

HP:   -1/38 (39)    AC:  2    Str:  4    XL:     9   Next: 3%
MP:   18/22         EV: 25    Int: 19    God:    Nemelex Xobeh [......]
Gold: 640           SH:  0    Dex: 17    Spells: 15/24 levels left

rFire    . . .     SeeInvis +   n - +2 dagger (venom)
rCold    . . .     Gourm    .   (shield restricted)
rNeg     . . .     Faith    .   s - +0 robe (curse)
rPois    .         Spirit   .   (helmet restricted)
rElec    .         Reflect  .   (no cloak)
rCorr    .         Harm     .   (gloves unavailable)
MR       +....                  (boots unavailable)
Stlth    +++.......             (no amulet)
HPRegen  0.12/turn              (no ring)
MPRegen  0.18/turn              (no ring)

@: lethally poisoned (-1 -> -22), slowed, quick
A: very small, unfitting armour, see invisible, herbivore, speed 3, slow
metabolism 2
a: Renounce Religion


You were on level 8 of the Dungeon.
You worshipped Nemelex Xobeh.
Nemelex Xobeh was noncommittal.
You were not hungry.

You visited 2 branches of the dungeon, and saw 9 of its levels.

You collected 699 gold pieces.
You paid 59 gold pieces to Gozag.

Inventory:

Hand Weapons
 n - a +2 dagger of venom (weapon)
 y - a +2 dagger of electrocution
Armour
 b - a +0 robe
 s - a cursed +0 robe (worn)
Jewellery
 D - an uncursed ring of wizardry {unknown}
Wands
 r - a wand of random effects (21)
 x - a wand of iceblast (11)
 C - a wand of paralysis (12)
Scrolls
 e - 11 scrolls of identify {unknown}
 g - a scroll of enchant armour {unknown}
 i - a scroll of fear {unknown}
 k - 2 scrolls of noise {unknown}
 l - 5 scrolls of remove curse {unknown}
 m - 3 scrolls of teleportation {unknown}
 q - a scroll of blinking {unknown}
 t - 2 scrolls of magic mapping {unknown}
 u - 2 scrolls of immolation {unknown}
 v - 2 scrolls of amnesia {unknown}
 w - a scroll of brand weapon {unknown}
Potions
 a - 2 potions of brilliance {unknown}
 c - a potion of might {unknown}
 f - 5 potions of curing {unknown}
 h - 2 potions of lignification {unknown}
 j - a potion of berserk rage {unknown}
 o - a potion of cancellation {unknown}
 p - a potion of agility
 z - a potion of heal wounds {unknown}
 A - a potion of mutation {unknown}
 B - 2 potions of ambrosia {unknown}
Comestibles
 d - 8 rations


   Skills:
 + Level 2.0 Short Blades
 + Level 9.4 Dodging
 - Level 6.1 Stealth
 - Level 8.0 Spellcasting
 - Level 8.2 Hexes
 + Level 0.8 Invocations
 * Level 4.0 Evocations


You had 15 spell levels left.
You knew the following spells:

 Your Spells              Type           Power        Failure   Level  Hunger
a - Confuse               Hex            #####...     1%          3    None
b - Ensorcelled Hibernat  Hex/Ice        ###...       2%          2    None
c - Corona                Hex            #####..      1%          1    None
d - Tukima's Dance        Hex            #####...     1%          3    None

Your spell library contained the following spells:

 Spells                   Type           Power        Failure   Level  Hunger
 Pain                     Necr           #...         9%          1    None
 Vampiric Draining        Necr           #.........   26%         3    None
 Sublimation of Blood     Necr           #.........   14%         2    None
 Corpse Rot               Necr           N/A          14%         2    None
 Dazzling Spray           Conj/Hex       ###...       4%          3    None


Dungeon Overview and Level Annotations

Branches:
Dungeon (8/15)             Temple (1/1) D:4
   Lair: D:8-11

Altars:
Ashenzari
Cheibriados
Elyvilon
Fedhas
Gozag
Kikubaaqudgha
Makhleb
Nemelex Xobeh
Okawaru
Ru
Sif Muna
Trog
Uskayaw
Vehumet
Wu Jian
Yredelemnul
Zin
The Shining One

Shops:
D:7 %


Innate Abilities, Weirdness & Mutations

You are very small and have problems with some larger weapons.
You are too small for most types of armour.
You have supernaturally acute eyesight. (SInv)
You are a herbivore.
You cover ground extremely quickly.
You need to consume almost no food.


Message History

You puncture the bat skeleton!
You destroy the bat skeleton!
That felt strangely unrewarding.
* * * LOW HITPOINT WARNING * * *
You feel very sick.
You hit the iguana skeleton.
The iguana skeleton is severely damaged.
* * * LOW HITPOINT WARNING * * *
You feel very sick. The iguana skeleton misses you.
* * * LOW HITPOINT WARNING * * *
You feel sick.
Okay, then.
* * * LOW HITPOINT WARNING * * *
You feel sick.
* * * LOW HITPOINT WARNING * * *
You feel sick. Gozag petitions for your drink to fail.
You die...
Your body disappears without a glow.

##.# #...
#..# #..#
#..# #..#
#..#
##.#####.@#
..........#
######Z###
#.#
#Z########
#.§.......
#.########
#§# ###


You could see an iguana skeleton.

Vanquished Creatures
  A two-headed ogre (D:6)
  A wyvern (D:6)
  2 sky beasts (D:6)
  An orc warrior (D:7)
  A phantom (D:7)
  A black bear (D:7)
  A necrophage (D:7)
  A bullfrog (D:6)
  A scorpion (D:7)
  A yak skeleton (D:6)
  A crimson imp (D:6)
  A bullfrog zombie (D:5)
  An orc priest (D:6)
  2 hounds
  A gnoll shaman (D:7)
  3 orc wizards
  A bullfrog skeleton (D:6)
  Terence (D:2)
  4 worker ants
  An acid dragon skeleton (D:6)
  A howler monkey zombie (D:4)
  4 gnolls
  4 adders
  A steam dragon skeleton (D:6)
  An ooze (D:4)
  2 adder zombies (D:4)
  4 adder skeletons
  3 worms
  3 dart slugs
  4 leopard geckos
  9 orcs
  7 bats
  A bat skeleton (D:8)
  7 giant cockroaches
  6 goblins
  3 hobgoblins (D:1)
  9 jackals
  3 quokkas
  11 frilled lizards
  A gnoll skeleton (D:6)
  A jackal skeleton (D:5)
  A jackal zombie (D:5)
  5 kobolds
  A leopard gecko skeleton (D:5)
  3 orc skeletons (D:6)
  An orc zombie (D:4)
  2 quokka skeletons
  6 rats
131 creatures vanquished.

Vanquished Creatures (others)
  An ogre (D:6)
  A jackal (D:1)
2 creatures vanquished.

Grand Total: 133 creatures vanquished

Notes
Turn   | Place    | Note
-------+----------+-------------------------------------------
     0 | D:1      | zishaf the Spriggan Enchanter began the quest for the Orb.
     0 | D:1      | Reached XP level 1. HP: 9/9 MP: 5/5
   271 | D:1      | Reached XP level 2. HP: 5/13 MP: 3/6
   801 | D:1      | Learned a level 2 spell: Ensorcelled Hibernation
  1103 | D:1      | Reached skill level 5 in Stealth
  1103 | D:1      | Reached XP level 3. HP: 16/16 MP: 0/8
  2492 | D:2      | Reached skill level 4 in Dodging
  2651 | D:2      | Noticed Terence
  2656 | D:2      | Killed Terence
  2656 | D:2      | Reached XP level 4. HP: 21/21 MP: 5/10
  2775 | D:3      | Found a burning altar of Makhleb.
  2775 | D:3      | Found a glowing golden altar of the Shining One.
  2780 | D:3      | Found a faded altar of an unknown god.
  2782 | D:3      | Found a glowing silver altar of Zin.
  2783 | D:3      | Found a snail-covered altar of Cheibriados.
  2800 | D:3      | Became a worshipper of Kikubaaqudgha
  2800 | D:3      | Reached * piety under Kikubaaqudgha
  2800 | D:3      | Identified Kikubaaqudgha's Disquisition on Dark Secrets (Kikubaaqudgha gifted it to you on level 3 of the Dungeon)
  2800 | D:3      | Received a gift from Kikubaaqudgha
  2835 | D:3      | Fell from the grace of Kikubaaqudgha
  2852 | D:3      | Learned a level 3 spell: Confuse
  3740 | D:4      | Reached XP level 5. HP: 24/24 MP: 10/12
  3997 | D:4      | Found a staircase to the Ecumenical Temple.
  4035 | Temple   | Entered the Ecumenical Temple
  4099 | Temple   | Became a worshipper of Gozag Ym Sagoz the Greedy
  4656 | D:5      | Entered Level 5 of the Dungeon
  5035 | D:5      | Reached skill level 5 in Dodging
  5035 | D:5      | Reached skill level 5 in Hexes
  5226 | D:6      | Noticed a sky beast
  5236 | D:6      | Killed a sky beast
  5236 | D:6      | Reached XP level 6. HP: 28/28 MP: 10/14
  5309 | D:6      | Noticed a sky beast
  5331 | D:6      | Killed a sky beast
  5331 | D:6      | Reached skill level 6 in Dodging
  5331 | D:6      | Reached skill level 5 in Spellcasting
  5507 | D:6      | Reached XP level 7. HP: 29/32 MP: 8/16
  5509 | D:6      | Noticed a two-headed ogre
  5671 | D:6      | Found a blossoming altar of Fedhas.
  5858 | D:6      | Killed a two-headed ogre
  5858 | D:6      | Reached skill level 8 in Dodging
  5858 | D:6      | Reached XP level 8. HP: 15/36 MP: 2/19
  6181 | D:6      | Learned a level 3 spell: Tukima's Dance
  6854 | D:6      | Found an ancient bone altar of Kikubaaqudgha.
  7152 | D:7      | Found Qutimaf's Food Emporium.
  7417 | D:7      | Reached skill level 1 in Evocations
  7421 | D:7      | Reached skill level 9 in Dodging
  7496 | D:7      | Found a sparkling altar of Nemelex Xobeh.
  7541 | D:7      | Fell from the grace of Gozag
  7541 | D:7      | Became a worshipper of Nemelex Xobeh the Trickster
  8305 | D:7      | Reached XP level 9. HP: 39/39 MP: 19/22
  8343 | D:8      | Succumbed to poison (dark miasma)

Vault maps used:
D:1:      minmay_arrival_stone_box
D:2:      first_ration, uniq_terence
D:3:      chequers_temple_overflow_minitemple, hangedman_decor_riveting
D:4:      minmay_temple_entry_enclosed_plants
D:6:      lemuel_round_altar, basic_altar, minmay_misc_feat_room
D:7:      overflow_temple_1_default, serial_shops, shop
D:8:      gammafunk_temple_overflow_elements
Temple:   nicolae_temple_x_marks_the_god

Skill      XL: |  1  2  3  4  5  6  7  8 |
---------------+-------------------------+-----
Spellcasting   | 3 4 5 7 8 |  8.0
Hexes          | 4 5 7 8 |  8.2
Stealth        | 5 6 |  6.1
Dodging        | 4 5 6 8 9 |  9.4
Evocations     | 4 |  4.0
Short Blades   | 2 |  2.0
Invocations    | |  0.8

Action                   |  1- 3 |  4- 6 |  7- 9 || total
-------------------------+-------+-------+-------++-------
Melee: Dagger            |   179 |   111 |   119 ||   409
 Cast: Corona            |     8 |       |       ||     8
       Ensorcelled Hiber |    30 |    14 |    45 ||    89
       Confuse           |       |     9 |    30 ||    39
Invok: Renounce Religion |       |     1 |       ||     1
       Potion Petition   |       |       |     1 ||     1
 Stab: Sleeping          |    24 |    17 |    25 ||    66
       Confused          |       |     7 |    15 ||    22
       Distracted        |       |     1 |       ||     1
  Eat: Ration            |       |     2 |     2 ||     4
Armor: Robe              |    18 |     5 |     5 ||    28
Dodge: Dodged            |   174 |    88 |    88 ||   350

Table legend:
 A = Spawn XP
 B = Non-spawn XP
 C = Spawn XP percentage of total XP
 D = Spawn monster count
 E = Non-spawn monster count
 F = Spawn count percentage of total count
 G = Total turns spent on level
                    A         B        C        D         E        F      G
               +---------+---------+-------+---------+---------+-------+---------
         Total |       0 |    2882 |   0.0 |       0 |     118 |   0.0 |  8343
               +---------+---------+-------+---------+---------+-------+---------
           D:1 |       0 |      61 |   0.0 |       0 |      33 |   0.0 |  1726
           D:2 |       0 |      59 |   0.0 |       0 |      15 |   0.0 |  1037
           D:3 |       0 |      56 |   0.0 |       0 |      14 |   0.0 |   721
           D:4 |       0 |     101 |   0.0 |       0 |       8 |   0.0 |  1100
           D:5 |       0 |      63 |   0.0 |       0 |       8 |   0.0 |  1020
           D:6 |       0 |    1779 |   0.0 |       0 |      20 |   0.0 |  1795
           D:7 |       0 |     763 |   0.0 |       0 |      20 |   0.0 |   859
               +---------+---------+-------+---------+---------+-------+---------
